 Dungeon Crawl Stone Soup version 0.31-a0-221-gbddc013574 (webtiles) character file.

Game seed: 16615888395646395306

130 qw the Shooter (level 4, -3/37 HPs)
             Began as a Minotaur Hexslinger on July 3, 2023.
             Slain by a worm (5 damage)
             ... on level 2 of the Dungeon.
             The game lasted 00:00:48 (2053 turns).

qw the Shooter (Minotaur Hexslinger)                Turns: 2053, Time: 00:00:48

Health: -3/37      AC:  6    Str: 13    XL:     4   Next: 90%
Magic:  4/4        EV: 11    Int: 10    God:
Gold:   122        SH:  0    Dex: 14    Spells: 4/5 levels left

rFire   . . .        Y - +1 sling
rCold   + . .        (no shield)
rNeg    . . .        h - +0 ring mail
rPois   .            (helmet restricted)
rElec   .            (no cloak)
rCorr   .            (no gloves)
SInv    .            b - +0 pair of boots
Will    .....        (no amulet)
Stlth   +            f - ring of protection from cold
HPRegen 0.26/turn    (no ring)
MPRegen 0.09/turn

%: no passive effects
@: attractive
A: horns 2, retaliatory headbutt
a: no special abilities


You were on level 2 of the Dungeon.
You visited 1 branch of the dungeon, and saw 3 of its levels.

You collected 122 gold pieces.


Innate Abilities, Weirdness & Mutations

You have a pair of horns on your head.
You reflexively headbutt those who attack you in melee.


   Skills:
 + Level 2.4 Fighting
 - Level 5.1 Ranged Weapons
 - Level 1.0 Armour
 - Level 2.1 Dodging
 - Level 1.0 Spellcasting
 - Level 2.0 Hexes


You had 4 spell levels left.
You knew the following spells:

 Your Spells              Type           Power      Damage    Failure   Level
a - Slow                  Hex            16%        N/A       32%         1

Your spell library contained the following spells:

 Spells                   Type           Power      Damage    Failure   Level
 Inner Flame              Hex/Fire       2%         N/A       82%         3
 Portal Projectile        Hex/Tloc       4%         N/A       82%         3
 Cause Fear               Hex            2%         N/A       97%         4

Inventory:

Hand Weapons
 Y - a +1 sling (weapon)
Armour
 b - a +0 pair of boots (worn)
 h - a +0 ring mail (worn)
Jewellery
 f - a ring of protection from cold (left hand)
Scrolls
 a - 2 scrolls of teleportation
 c - a scroll of identify
Potions
 g - 2 potions of curing
 i - a potion of heal wounds {unknown}

Dungeon Overview and Level Annotations

Branches:
Dungeon (3/15)

Altars:

Annotations:
D:2 1 runed translucent door, Crazy Yiuf, Natasha


Message History

You climb upwards.
Level annotation: 1 runed translucent door, Crazy Yiuf, Natasha You feel sick.
There is a stone staircase leading down here.
Enter note:
Enter note:
Enter note:
Enter note:
Enter note:
Enter note:
Enter note:
Enter note:
Enter note:
Enter note:
Enter note:
Enter note: You shoot a sling bullet.
The sling bullet closely misses the orc wizard.
You feel sick. The adder bites you but does no damage.
The orc priest hits you with a +0 dagger.
The orc wizard hits you but does no damage.
The orc barely misses you.
You shoot a sling bullet. The sling bullet hits the orc wizard.
The orc wizard is heavily wounded.
You feel sick.
You are no longer poisoned.
The adder bites you but does no damage. The orc completely misses you.
You furiously retaliate!
You headbutt the orc.
The orc priest hits you with a +0 dagger.
The orc wizard hits you but does no damage.
The worm bites you but does no damage. The adder closely misses you.
You shoot a sling bullet.
The sling bullet closely misses the orc wizard.
The adder barely misses you. The orc closely misses you.
You furiously retaliate!
You headbutt the orc, but do no damage.
The orc priest mumbles some strange prayers to Beogh against you.
Beogh smites you!
The orc wizard hits you with a +0 dagger.
The worm bites you.
You die...

#.# #.# ########## #.#
#.######......... #.#
#....#...########
#.######....#.### #
#.#...........# #
#.##.####....## #
#.##....'....##### #
##.#######........#######
#......w@o........'......
#######ooS........####...
##..####....# #... #....#
#....# #... 7....7
#....####... 77...7
#........... 77.77
#........... 77.7
#........... 7.77
#...........


You could see a worm, an orc priest, an orc wizard, an adder and an orc.

Vanquished Creatures
  Natasha (twice) (D:2)
  3 adders (D:2)
  2 dart slugs (D:1)
  5 endoplasms
  A giant cockroach (D:2)
  6 goblins
  A hobgoblin (D:1)
  3 jackals (D:2)
  4 quokkas
  5 ball pythons
  7 bats
  4 frilled lizards
  A kobold (D:1)
  3 rats (D:1)
47 creatures vanquished.

Notes
Turn   | Place    | Note
-------+----------+-------------------------------------------
     0 | D:1      | qw the Minotaur Hexslinger began the quest for the Orb.
     0 | D:1      | Reached XP level 1. HP: 16/16 MP: 1/1
     0 | D:1      | 0 ||| qw: Version: 0.3-a-40-ge99b1a8
     0 | D:1      | 0 ||| qw: Game counter: 584
     0 | D:1      | 0 ||| qw: Melee chars always use a shield: true
     0 | D:1      | 0 ||| qw: God list: Okawaru
     0 | D:1      | 0 ||| qw: Allow faded altars: false
     0 | D:1      | 0 ||| qw: Do Orc after clearing Dungeon:15 true
     0 | D:1      | 0 ||| qw: Do second Lair branch before Depths: true
     0 | D:1      | 0 ||| qw: Lair rune preference: random
     0 | D:1      | 0 ||| qw: Goals: Normal
     0 | D:1      | 0 ||| PLANNING D:1-11
    80 | D:1      | Reached skill level 3 in Ranged Weapons
    81 | D:1      | Reached XP level 2. HP: 23/23 MP: 2/2
   539 | D:1      | Reached XP level 3. HP: 25/29 MP: 3/3
   718 | D:1      | 718 ||| UPGRADING to +0 ring mail.
   728 | D:1      | 728 ||| DROPPING +0 robe.
   729 | D:1      | 729 ||| UPGRADING to ring of protection from cold.
   730 | D:1      | 730 ||| READING scroll labelled WEOBOXZATSA.
   733 | D:1      | 733 ||| READING scroll labelled OPPYC QITWE.
   734 | D:1      | 734 ||| DRINKING 2 golden potions.
   735 | D:1      | 735 ||| DRINKING 2 yellow potions.
   840 | D:1      | 840 ||| DROPPING scroll of poison.
   841 | D:1      | 841 ||| DROPPING potion of berserk rage.
   978 | D:2      | 978 ||| FLEEEEING.
  1116 | D:2      | Noticed Natasha
  1122 | D:2      | Killed Natasha
  1123 | D:2      | Reached skill level 4 in Ranged Weapons
  1160 | D:2      | Reached XP level 4. HP: 31/36 MP: 4/4
  1177 | D:2      | Reached skill level 1 in Armour
  1641 | D:2      | Noticed Natasha
  1648 | D:2      | Killed Natasha
  1649 | D:2      | Reached skill level 5 in Ranged Weapons
  1826 | D:2      | Noticed Natasha
  1829 | D:2      | 1829 ||| Stepping ~*~*~tactically~*~*~ (outnumbered).
  1839 | D:2      | HP: 4/36 [Natasha/magic dart (9)]
  1840 | D:2      | 1840 ||| READING 3 scrolls of teleportation.
  2021 | D:2      | Found a runed translucent door.
  2022 | D:2      | Noticed Crazy Yiuf
  2025 | D:2      | 2025 ||| UPGRADING to +0 pair of boots.
  2030 | D:2      | 2030 ||| READING 3 scrolls labelled VOJIFE SIZE.
  2031 | D:2      | 2031 ||| DRINKING 2 dark potions.
  2032 | D:2      | 2032 ||| READING 2 scrolls of identify.
  2032 | D:2      | 2032 ||| IDENTIFYING orange potion
  2033 | D:2      | 2033 ||| DROPPING potion of attraction.
  2034 | D:2      | 2034 ||| DROPPING potion of brilliance.
  2049 | D:3      | 2049 ||| STAIRDANCE
  2053 | D:2      | HP: 5/37 [orc priest/divine providence (11)]
  2053 | D:2      | HP: 2/37 [orc wizard/+0 dagger (3)]
  2053 | D:2      | Slain by a worm

Levels and vault maps discovered:
D:1:      minmay_arrival_four_houses, layout_basic, serial_park_tiny_1,
          st_stairs_12
D:2:      layout_basic, uniq_crazy_yiuf_cottage, uniq_natasha
D:3:      minmay_wonky_spiral, layout_rooms,
          shapermc_ecumenical_altar_mp_highgroup, hex_large

Skill      XL: |  1  2  3  4 |
---------------+-------------+-----
Ranged Weapons | 3 4 5 |  5.1
Fighting       | 2 |  2.4
Armour         | 1 |  1.0
Dodging        | |  2.1
Spellcasting   | |  1.0
Hexes          | |  2.0

Action                     |  1- 3 |  4- 6 || total
---------------------------+-------+-------++-------
   Fire: Sling             |   102 |    74 ||   176
    Use: Scroll            |     2 |     3 ||     5
         Potion            |     2 |     1 ||     3
 Armour: Robe              |     7 |       ||     7
         Ring mail         |    12 |    20 ||    32
  Dodge: Dodged            |    22 |    27 ||    49

Table legend:
 A = Non-vault XP
 B = Vault XP
 C = Vault XP percentage of total XP
 D = Non-vault monster count
 E = Vault monster count
 F = Vault count percentage of total count
                 A         B        C        D         E       F
            +---------+---------+-------+---------+---------+-------
      Total |     148 |      39 |  20.9 |      45 |       2 |   4.3
            +---------+---------+-------+---------+---------+-------
        D:1 |      40 |       2 |   4.8 |      24 |       1 |   4.0
        D:2 |     108 |      37 |  25.5 |      21 |       1 |   4.5
            +---------+---------+-------+---------+---------+-------
